 Dungeon Crawl Stone Soup version 0.25.0-26-g0c896c7088 (webtiles) character file.

Game seed: 1452845677713014218

396 xccam the Cutter (level 6, -11/39 HPs)
             Began as an Octopode Assassin on July 2, 2020.
             Mangled by Duvessa
             ... wielding a +0 short sword
              (14 damage)
             ... on level 4 of the Dungeon.
             The game lasted 00:03:09 (3442 turns).

xccam the Cutter (Octopode Assassin)                Turns: 3442, Time: 00:03:10

Health: -11/39     AC:  1    Str: 10 (12) XL:     6   Next: 83%
Magic:  0/6        EV: 12    Int: 10 (13) God:
Gold:   138        SH:  0    Dex: 11 (14) Spells: 5/5 levels left

rFire    . . .     SeeInvis .   a - +2 dagger
rCold    . . .     Gourm    .   (no shield)
rNeg     . . .     Faith    .   (helmet restricted)
rPois    .         Spirit   +   g - amulet of guardian spirit
rElec    .         Reflect  .   (no ring)
rCorr    .         Harm     .   (no ring)
MR       .....                  (no ring)
Stlth    ++++......             (no ring)
HPRegen  0.13/turn              (no ring)
MPRegen  0.10/turn              (no ring)
                                (no ring)
                                (no ring)

@: no status effects
A: almost no armour, stealthy swim, amphibious, 8 rings, constrict 8, camouflage
1, gelatinous body 1
a: no special abilities


You were on level 4 of the Dungeon.
You were not hungry.

You visited 1 branch of the dungeon, and saw 4 of its levels.

You collected 138 gold pieces.

Inventory:

Hand Weapons
 a - a +2 dagger (weapon)
Missiles
 b - 44 poisoned darts (quivered)
 c - 2 curare-tipped darts
Jewellery
 g - an amulet of guardian spirit (around mantle)
Wands
 p - a wand of disintegration (4)
Scrolls
 e - a scroll of enchant armour {unknown}
 f - a scroll of teleportation {unknown}
 h - a scroll of noise {unknown}
 j - a scroll of identify {unknown}
 k - a scroll of immolation {unknown}
 r - 2 scrolls of remove curse {unknown}
Potions
 i - a potion of curing {unknown}
 l - a potion of might {unknown}
 m - 2 potions of degeneration
 n - 2 potions of lignification {unknown}
 o - a potion of heal wounds {unknown}
Comestibles
 d - 4 rations


   Skills:
 - Level 2.0 Fighting
 + Level 7.1 Short Blades
 - Level 2.0 Throwing
 - Level 1.0 Dodging
 - Level 5.3 Stealth


You had 5 spell levels left.
You didn't know any spells.
Your spell library contained the following spells:

 Spells                   Type           Power        Failure   Level  Hunger
 Magic Dart               Conj           #...         36%         1    ##.....
 Blink                    Tloc           N/A          50%         2    ###....
 Call Imp                 Summ           #.......     50%         2    ###....
 Slow                     Hex            #.......     50%         2    ###....
 Conjure Flame            Conj/Fire      #.......     75%         3    ####...
 Mephitic Cloud           Conj/Pois/Air  #.......     75%         3    ####...


Dungeon Overview and Level Annotations

Branches:
Dungeon (4/15)
 Temple: D:4-7

Altars:
Ashenzari
Qazlal
Wu Jian
Yredelemnul
The Shining One

Annotations:
D:4 Duvessa


Innate Abilities, Weirdness & Mutations

You cannot wear most types of armour.
You are very stealthy in the water. (Stealth+)
You are amphibious.
You can wear up to eight rings at the same time.
You can use your tentacles to constrict eight enemies at once.
Your skin changes colour to match your surroundings (Stealth+).
Your rubbery body absorbs attacks. (AC +1, EV +1)


Message History

Aim: Duvessa, wielding a +0 short sword and wearing a +0 leather armour (moderately wounded, berserk, chance to defeat MR: 48%) Duvessa resists with some effort.
Duvessa hits you with a +0 short sword. Duvessa completely misses you.
Evoke which item? (* to show all) (? for menu, Esc to quit)
Aiming: Disintegrate
Press: ? - help, Shift-Dir - straight line, f/p - Duvessa
Aim: Duvessa, wielding a +0 short sword and wearing a +0 leather armour (moderately wounded, berserk, chance to defeat MR: 48%) Duvessa resists with some effort.
Duvessa closely misses you. Duvessa hits you with a +0 short sword!
You hear a shout!
Duvessa hits you with a +0 short sword. Duvessa barely misses you.
Duvessa hits you with a +0 short sword. Duvessa hits you with a +0 short sword!
* * * LOW HITPOINT WARNING * * *
It was a potion of degeneration.
There was something very wrong with that liquid.
You feel weakened.
You feel dopey.
You feel clumsy. Duvessa hits you with a +0 short sword!
You die...

#########
#?....e.######
#.#####@.....#
#####.#.....####.#
#.....#.###.# #.#
#.....# ##.# #.#
#...)..# ##...###.##
#..........._......#
#.......###...##.#.#
#....../# ##.###.#.#
#.......# #.#
#.#.#####


You could see Duvessa (berserk).

Vanquished Creatures
  Dowan (D:4)
  An orc priest (D:3)
  An orc wizard (D:3)
  Jessica (D:2)
  Terence (D:2)
  Ijyb (D:3)
  7 adders
  3 gnolls (D:3)
  2 oozes
  2 worms
  An adder skeleton (D:3)
  3 dart slugs
  A leopard gecko (D:1)
  14 orcs (D:3)
  7 goblins
  15 hobgoblins
  9 kobolds
  A ball python (D:2)
  9 bats
  5 frilled lizards
  7 rats
92 creatures vanquished.

Notes
Turn   | Place    | Note
-------+----------+-------------------------------------------
     0 | D:1      | xccam the Octopode Assassin began the quest for the Orb.
     0 | D:1      | Reached XP level 1. HP: 14/14 MP: 1/1
   277 | D:1      | Reached XP level 2. HP: 12/19 MP: 2/2
   289 | D:1      | Reached skill level 3 in Short Blades
   502 | D:1      | Reached XP level 3. HP: 23/24 MP: 3/3
   948 | D:2      | Found a basalt altar of Yredelemnul.
   960 | D:2      | Reached skill level 4 in Short Blades
  1216 | D:2      | Found a shattered altar of Ashenzari.
  1222 | D:2      | Reached XP level 4. HP: 15/29 MP: 1/4
  1627 | D:2      | Found a stormy altar of Qazlal.
  1771 | D:2      | Found a glowing golden altar of the Shining One.
  1810 | D:2      | Noticed Jessica
  1818 | D:2      | Killed Jessica
  1818 | D:2      | Reached skill level 5 in Short Blades
  1818 | D:2      | Reached XP level 5. HP: 34/34 MP: 5/5
  1858 | D:2      | Noticed Terence
  1862 | D:2      | Killed Terence
  2210 | D:3      | Noticed Ijyb
  2216 | D:3      | Killed Ijyb
  2587 | D:3      | Reached skill level 6 in Short Blades
  2587 | D:3      | Reached XP level 6. HP: 38/39 MP: 6/6
  3401 | D:4      | Found an ornate altar of the Wu Jian Council.
  3422 | D:4      | Noticed Dowan
  3423 | D:4      | Noticed Duvessa
  3427 | D:4      | Killed Dowan
  3427 | D:4      | Reached skill level 7 in Short Blades
  3442 | D:4      | Mangled by Duvessa

Illustrated notes

Levels and vault maps discovered:
D:1:      dpeg_arrival_water_fire, layout_basic
D:2:      layout_loops_ring, marbit_many_paths, ashenzari_conservatory_becter,
          grunt_qazlal_clouds, overflow_temple_1_default,
          minmay_misc_feat_tower, uniq_terence, uniq_jessica
D:3:      layout_basic, grunt_decor_clamped, kennysheep_generic_room_3,
          uniq_ijyb
D:4:      layout_basic, nicolae_ru_the_path_less_chosen,
          nicolae_overflow_crystal_walls, minmay_strange_pillars,
          grunt_ministairs_15, bh_chokoban, uniq_duvessa

Skill      XL: |  1  2  3  4  5  6 |
---------------+-------------------+-----
Short Blades   | 3 4 5 6 7 |  7.1
Fighting       | |  2.0
Throwing       | |  2.0
Dodging        | |  1.0
Stealth        | |  5.3

Action                   |  1- 3 |  4- 6 || total
-------------------------+-------+-------++-------
Melee: Dagger            |    71 |   125 ||   196
       Tentacles         |    14 |    24 ||    38
       Constrict         |    14 |    31 ||    45
Evoke: Wand              |       |     5 ||     5
  Use: Potion            |       |     1 ||     1
 Stab: Sleeping          |     8 |    19 ||    27
  Eat: Chunk             |     1 |     7 ||     8
Armor: Skin              |     4 |     3 ||     7
Dodge: Dodged            |    38 |    55 ||    93
